 Dungeon Crawl Stone Soup version 0.28-b1 (webtiles) character file.

Game seed: 18235681014511293731

1315 KamiKatze the Cleaver (level 8, -7/106 HPs)
             Began as a Minotaur Berserker on Jan 26, 2022.
             Was an Elder of Trog.
             Mangled by a two-headed ogre (15 damage)
             ... on level 5 of the Dungeon.
             The game lasted 00:26:17 (4638 turns).

KamiKatze the Cleaver (Minotaur Berserker)          Turns: 4638, Time: 00:26:17

Health: -7/106     AC:  8    Str: 24    XL:     8   Next: 33%
Magic:  7/7        EV: 12    Int:  4    God:    Trog [****..]
Gold:   224        SH:  0    Dex: 16    Spells: 7/7 levels left

rFire   . . .      SeeInvis .   a - +2 hand axe (flame)
rCold   . . .      Faith    .   (no shield)
rNeg    . . .      Spirit   .   m - +0 scale mail
rPois   .          Reflect  .   (helmet restricted)
rElec   .          Harm     .   (no cloak)
rCorr   .          Rampage  .   (no gloves)
Will    .....                   f - +0 pair of boots
Stlth   ..........              j - amulet of the acrobat
HPRegen 0.27/turn               h - +6 ring of dexterity
MPRegen 0.10/turn               (no ring)

@: berserking, very quick
A: horns 2, retaliatory headbutt
a: Renounce Religion, Berserk, Trog's Hand, Brothers in Arms


You were on level 5 of the Dungeon.
You worshipped Trog.
Trog was greatly pleased with you.
You visited 2 branches of the dungeon, and saw 6 of its levels.

You collected 224 gold pieces.

Inventory:

Hand Weapons
 a - a +2 hand axe of flaming (weapon)
 b - a +0 war axe
 i - a +0 flail
 y - the +3 dagger of Dung {antimagic, rElec rF+ rCorr Stlth-}
   (You took it off an orc on level 3 of the Dungeon)

   It reduces the magical energy of the wielder, and disrupts the spells and
   magical abilities of those it strikes.
   Natural abilities and divine invocations are not affected.
   rF:        It protects you from fire.
   rElec:     It insulates you from electricity.
   rCorr:     It protects you from acid and corrosion.
   Stlth:     It makes you less stealthy.
Missiles
 c - 69 stones (quivered)
 s - 3 datura-tipped darts
Armour
 f - a +0 pair of boots (worn)
 m - a +0 scale mail (worn)
 n - a +0 chain mail
 o - a +0 plate armour
 t - a +0 ring mail
Jewellery
 h - a +6 ring of dexterity (left hand)
 j - an amulet of the acrobat (around neck)
Wands
 z - a wand of iceblast (4)
Scrolls
 e - 4 scrolls of identify {unknown}
 g - a scroll of enchant armour {unknown}
 p - a scroll of fog {unknown}
 u - 2 scrolls of teleportation {unknown}
 w - a scroll of magic mapping {unknown}
 x - 2 scrolls of vulnerability {unknown}
 A - 2 scrolls of enchant weapon {unknown}
 B - a scroll of amnesia {unknown}
Potions
 d - 3 potions of degeneration {unknown}
 k - a potion of invisibility {unknown}
 l - 2 potions of curing {unknown}
 q - a potion of ambrosia {unknown}
 r - 2 potions of brilliance {unknown}
 v - a potion of heal wounds {unknown}


   Skills:
 + Level 6.5 Fighting
 * Level 8.5 Axes
 + Level 5.9 Armour
 + Level 5.3 Dodging


You had 7 spell levels left.
You didn't know any spells.
Your spell library was empty.

Dungeon Overview and Level Annotations

Branches:
Dungeon (5/15)             Temple (1/1) D:4

Altars:
Elyvilon
Fedhas
Gozag
Hepliaklqana
Kikubaaqudgha
Makhleb
Nemelex Xobeh
Okawaru
Qazlal
Ru
Sif Muna
Uskayaw
Wu Jian
Xom
Yredelemnul
Zin
The Shining One


Innate Abilities, Weirdness & Mutations

You have a pair of horns on your head.
You reflexively headbutt those who attack you in melee.


Message History

You destroy the wyvern skeleton!
Trog accepts your kill.
The centaur shouts!
You hear two shouts!
The centaur wields a +0 shortbow.
The centaur shoots an arrow.
The arrow closely misses you.
Found an escape hatch in the floor.
The centaur shoots an arrow.
The arrow misses you.
The centaur shoots an arrow.
The arrow misses you.
The centaur shoots an arrow.
The arrow hits you.
The centaur shoots an arrow.
The arrow completely misses you.
The centaur shoots an arrow.
The arrow completely misses you.
The centaur unwields a +0 shortbow.
The centaur closely misses you. x2
You hit the centaur. You burn the centaur.
The centaur is moderately wounded.
The centaur hits you but does no damage.
The centaur kicks you but does no damage.
A two-headed ogre comes into view.
It is wielding a +0 giant club and a +0 giant spiked club.
You hit the centaur but do no damage. Your headbutt misses the centaur.
The centaur is moderately wounded.
The centaur hits you. The centaur closely misses you.
You hit the centaur but do no damage.
The centaur is moderately wounded.
The centaur closely misses you. x3
The centaur kicks you but does no damage.
You hit the centaur but do no damage. You headbutt the centaur!
The centaur is severely wounded.
You hit the two-headed ogre. You burn the two-headed ogre.
The two-headed ogre hits you with a +0 giant club!!
* * * LOW HITPOINT WARNING * * *
The two-headed ogre hits you with a +0 giant spiked club!
* * * LOW HITPOINT WARNING * * *
The centaur hits you.
* * * LOW HITPOINT WARNING * * *
The centaur completely misses you.
Unknown command.
A red film seems to cover your vision as you go berserk!
You feel yourself moving faster!
You feel mighty! The centaur hits you.
* * * LOW HITPOINT WARNING * * *
The centaur completely misses you.
The two-headed ogre hits you with a +0 giant club!
You die...

#.... .P≈PPP..≈ #.....#
.≈≈PPPP..
#.....#..≈≈≈.....
#.....#..........
+.....#........). #####
#...##..##.##.##
#....###...##..## #. #
#...)...........# .. #
#....5@.........# ... #
#....cO.........#.... #
#.....##.......########
#.....########'##....##
#.>....................
#..... #.............##
#..... #.............##
#..... #.......##....##
#...#############


You could see a two-headed ogre, a centaur and an ufetubus.

Vanquished Creatures
  2 water moccasins
  An ice beast (D:5)
  An ogre (D:3)
  A scorpion (D:5)
  A wyvern skeleton (D:5)
  2 howler monkeys (D:3)
  A jelly (D:4)
  4 hounds
  An orc priest (D:5)
  2 gnoll shamans (D:3)
  4 orc wizards
  16 gnolls
  A howler monkey skeleton (D:4)
  3 adders
  2 white imps (D:5)
  An adder skeleton (D:5)
  3 worms
  4 dart slugs
  39 orcs
  7 ball pythons
  6 endoplasms
  4 giant cockroaches
  6 goblins
  9 hobgoblins
  11 jackals (D:3)
  6 kobolds
  3 quokkas
  7 bats
  5 frilled lizards
  6 rats
159 creatures vanquished.

Vanquished Creatures (others)
  3 plants (D:3)
3 creatures vanquished.

Grand Total: 162 creatures vanquished

Notes
Turn   | Place    | Note
-------+----------+-------------------------------------------
     0 | D:1      | KamiKatze the Minotaur Berserker began the quest for the
                  | Orb.
     0 | D:1      | Reached XP level 1. HP: 19/19 MP: 0/0
   253 | D:1      | Reached XP level 2. HP: 21/27 MP: 1/1
   354 | D:1      | Reached skill level 4 in Axes
   390 | D:1      | Found a faded altar of an unknown god.
   660 | D:1      | Reached XP level 3. HP: 31/33 MP: 2/2
   862 | D:2      | Found a hazy altar of Hepliaklqana.
   862 | D:2      | You fall into a shaft and drop 2 floors!
   874 | D:4      | Reached ** piety under Trog
   890 | D:3      | Found a shimmering altar of Xom.
   955 | D:4      | Reached XP level 4. HP: 23/40 MP: 3/3
  1283 | D:3      | Found a hide-covered altar of Uskayaw.
  1340 | D:3      | Reached skill level 5 in Axes
  1342 | D:3      | Found a shimmering blue altar of Sif Muna.
  1771 | D:2      | Reached XP level 5. HP: 44/47 MP: 4/4
  2358 | D:3      | Found a glowing golden altar of the Shining One.
  2483 | D:3      | Reached *** piety under Trog
  2484 | D:3      | Reached XP level 6. HP: 34/55 MP: 5/5
  2813 | D:3      | Reached skill level 5 in Fighting
  2813 | D:3      | Reached skill level 6 in Axes
  3211 | D:3      | Reached XP level 7. HP: 46/61 MP: 6/6
  3233 | D:3      | Identified the +3 dagger of Dung {antimagic, rElec rF+
                  | rCorr Stlth-}
  3373 | D:4      | Reached skill level 7 in Axes
  3399 | D:4      | Reached **** piety under Trog
  3507 | D:4      | Reached skill level 5 in Armour
  3861 | D:4      | Found a staircase to the Ecumenical Temple.
  3870 | Temple   | Entered the Ecumenical Temple
  4121 | D:5      | Entered Level 5 of the Dungeon
  4285 | D:5      | Identified the +4 hunting sling "Iniwuaju" {flame, rPois
                  | Dex+5}
  4300 | D:5      | Found a sacrificial altar of Ru.
  4332 | D:5      | Reached skill level 5 in Dodging
  4332 | D:5      | Reached XP level 8. HP: 51/70 MP: 7/7
  4343 | D:5      | Reached skill level 8 in Axes
  4634 | D:5      | Noticed a two-headed ogre
  4638 | D:5      | Mangled by a two-headed ogre

Illustrated notes

Levels and vault maps discovered:
D:1:      evilmike_arrival_plus, layout_loops_ring,
          chequers_ecumenical_altar_island, nrook_campfire, minmay_quantized
D:2:      layout_basic, basic_altar, serial_bayou_pond_d,
          minmay_misc_feat_hallway, kennysheep_generic_room_6
D:3:      lemuel_castle_with_subvaults [lemuel_castle_interior_carwin_1],
          layout_loops_corners, mainiacjoe_overflow_surrounded_room,
          mainiacjoe_overflow_tiny_flanked, lemuel_tele_altar,
          nicolae_overflow_hidden_temple
D:4:      layout_cave_pools, minmay_temple_entry_poolview
D:5:      layout_gridville, nicolae_ru_great_annihilating_truth,
          serial_bayou_lagoon_a, minmay_manual_mess
Temple:   minmay_temple_bridge_abc

Skill      XL: |  1  2  3  4  5  6  7  8 |
---------------+-------------------------+-----
Axes           | 4 5 6 7 8 |  8.5
Fighting       | 4 5 6 |  6.5
Armour         | 3 4 5 |  5.9
Dodging        | 3 4 5 |  5.3

Action                   |  1- 3 |  4- 6 |  7- 9 || total
-------------------------+-------+-------+-------++-------
Melee: Hand axe          |    59 |   182 |    96 ||   337
       Headbutt          |    10 |    30 |    20 ||    60
       Punch             |     1 |     2 |     3 ||     6
Throw: Stone             |    44 |     7 |     3 ||    54
Invok: Berserk           |     1 |     1 |     2 ||     4
       Trog's Hand       |       |       |     1 ||     1
 Stab: Sleeping          |       |     2 |       ||     2
       Paralysed         |       |       |     1 ||     1
Armor: Animal skin       |     6 |       |       ||     6
       Leather armour    |       |    13 |       ||    13
       Ring mail         |       |    30 |       ||    30
       Scale mail        |       |       |    26 ||    26
Dodge: Dodged            |    53 |   109 |    61 ||   223
